 Dungeon Sprint DCSS version 0.26-a0-683-g5206c1d7ac (webtiles) character file.

Game seed: 17689268922708902162

12462 rocky1 the Spry (level 11, 0/68 HPs)
             Began as a Merfolk Ice Elementalist on Oct 23, 2020.
             Was the Champion of Vehumet.
             Slain by a death cob (8 damage)
             ... in the Dungeon (Sprint VII: "The Pits").
             The game lasted 00:16:43 (3255 turns).

rocky1 the Spry (Merfolk Ice Elementalist)          Turns: 3255, Time: 00:16:43

Health: 0/68       AC: 20    Str:  8    XL:     11   Next: 93%
Magic:  16/28      EV: 30    Int: 19    God:    Vehumet [******]
Gold:   0          SH:  0    Dex: 17    Spells: 20/37 levels left

rFire    . . .     SeeInvis .   u - +2 halberd (protect)
rCold    . . .     Faith    .   (shield currently unavailable)
rNeg     . . .     Spirit   .   a - +0 robe
rPois    .         Reflect  .   n - +0 hat {MR+}
rElec    .         Harm     .   t - +0 cloak
rCorr    .         Rampage  .   (no gloves)
MR       +....     NoTele   +   (no boots)
Stlth    ++........             (no amulet)
HPRegen  0.21/turn              p - +3 ring of dexterity
MPRegen  0.21/turn              q - +3 ring of evasion

@: icy armour, protection aura, slowed, very slow
A: change form in water, swift swim, stealthy swim
a: Renounce Religion


You were in the Dungeon.
You worshipped Vehumet.
Vehumet was exalted by your worship.
You visited 1 branch

Inventory:

Hand Weapons
 b - a +2 trident
 m - a +0 vorpal trident
 u - a +2 halberd of protection (weapon)
 v - a +2 vorpal trident
Armour
 a - a +0 robe (worn)
 n - a +0 hat of magic resistance (worn)
 o - a +0 kite shield
 t - a +0 cloak (worn)
Jewellery
 p - a +3 ring of dexterity (left hand)
 q - a +3 ring of evasion (right hand)
Scrolls
 j - 3 scrolls of remove curse
 k - 5 scrolls of amnesia
 l - a scroll of summoning
Potions
 c - 5 potions of curing
 d - 4 potions of heal wounds
 e - a potion of stabbing {unknown}
 f - 4 potions of magic
 g - a potion of berserk rage
 i - 2 potions of invisibility
 r - 2 potions of might
 s - 2 potions of mutation


   Skills:
 - Level 16.0 Polearms
 + Level 18.5 Dodging
 - Level 2.1 Stealth
 + Level 13.7 Spellcasting
 + Level 17.5 Ice Magic


You had 20 spell levels left.
You knew the following spells:

 Your Spells              Type           Power        Failure   Level
a - Freeze                Ice            ####         0%          1
b - Frozen Ramparts       Ice            ######       0%          3
c - Ozocubu's Armour      Ice            ######..     0%          3
d - Hailstorm             Conj/Ice       #####...     1%          4
e - Ozocubu's Refrigerat  Ice            ######....   1%          6

Your spell library contained the following spells:

 Spells                   Type           Power        Failure   Level
 Lee's Rapid Deconstruct  Erth           ##........   32%         5
 Summon Ice Beast         Ice/Summ       #####...     1%          4


Dungeon Overview and Level Annotations

Branches:
Dungeon (1/1)

Altars:
Ashenzari
Cheibriados
Dithmenos
Elyvilon
Fedhas
Gozag
Hepliaklqana
Kikubaaqudgha
Makhleb
Nemelex Xobeh
Okawaru
Qazlal
Ru
Sif Muna
Trog
Uskayaw
Vehumet
Wu Jian
Xom
Yredelemnul
Zin
The Shining One
Beogh
Jiyva
Lugonu


Message History

The death cob closely misses you.
You closely miss the death cob.
The death cob is lightly damaged.
The frozen ramparts melt away.
The death cob closely misses you. The death cob hits you!!
The death cob drains your vigour!
You feel yourself slow down.
You miss the death cob.
The death cob is lightly damaged.
The death cob hits you but does no damage.
The death cob misses you. The death cob completely misses you.
You slash the death cob!
The death cob is lightly damaged.
The death cob completely misses you. The death cob barely misses you.
The death cob hits you!!
* * * LOW HITPOINT WARNING * * *
You puncture the death cob!
The death cob is moderately damaged.
You can drink potions again.
The death cob hits you!
You die...

###'#####''###### .......##''#
######## ##### .......##..#
#..[)..###...# .......##..#
#..#'#.........##
...<...##..##..##)##.....#...#
.......##..##.##...##†..###..#
.......##..####.....##.##.##.## .
.......##...##..z)..#...#.#...#..
#########...÷').@...+z.÷'†').§'.S
#########...##......#...#.#...#..
..#..[.##..####.....##.##.##.###.
..#..[[##..##.##...##...###..# #
..'..))##..##..##.##.....#...#
..#...)##..# #..#)#.........##
..#..))##..# #......###...#
############ ######## #####


You could see a death cob.

Vanquished Creatures
  Gastronok (D)
  A deep elf death mage (D)
  A hydra (D)
  2 deep elf knights (D)
  A sea snake (D)
  A wizard (D)
  A phantasmal warrior (D)
  A deep elf mage (D)
  An elephant (D)
  A manticore (D)
  An orange demon (D)
  3 komodo dragons (D)
  2 cane toads (D)
  A gargoyle (D)
  An efreet (D)
  A merfolk (D)
  Prince Ribbit (D)
  A hornet (D)
  2 shadows (D)
  3 ynoxinuls (D)
  4 yaks (D)
  3 vampire mosquitoes (D)
  A warg (D)
  2 eyes of draining (D)
  5 wolves (D)
  A big kobold (D)
  A gnoll sergeant (D)
  A scorpion (D)
  5 wights (D)
  2 jellies (D)
  Jessica (D)
  A worker ant (D)
  A hell rat (D)
  5 gnolls (D)
  A river rat (D)
  2 adders (D)
  A white imp (D)
  An ufetubus (D)
  An adder skeleton (D)
  A leopard gecko (D)
  A bat zombie (D)
  A giant cockroach (D)
  5 jackals (D)
  2 frilled lizards (D)
  2 goblins (D)
  2 leopard gecko zombies (D)
80 creatures vanquished.

Notes
Turn   | Place    | Note
-------+----------+-------------------------------------------
     0 | D        | rocky1 the Merfolk Ice Elementalist began the quest for the
                  | Orb.
     0 | D        | Reached XP level 1. HP: 13/13 MP: 3/3
    18 | D        | Found a bloodstained altar of Trog.
    18 | D        | Found a shimmering blue altar of Sif Muna.
    18 | D        | Found a viscous altar of Jiyva.
    18 | D        | Found a hazy altar of Hepliaklqana.
    18 | D        | Found an opulent altar of Gozag.
    41 | D        | Found a glowing golden altar of the Shining One.
    41 | D        | Found a glowing silver altar of Zin.
    41 | D        | Found a basalt altar of Yredelemnul.
    41 | D        | Found a shimmering altar of Xom.
    41 | D        | Found an ornate altar of the Wu Jian Council.
    41 | D        | Found a sacrificial altar of Ru.
    41 | D        | Found a stormy altar of Qazlal.
    41 | D        | Found an iron altar of Okawaru.
    41 | D        | Found a sparkling altar of Nemelex Xobeh.
    41 | D        | Found a burning altar of Makhleb.
    41 | D        | Found a blossoming altar of Fedhas.
    41 | D        | Found a white marble altar of Elyvilon.
    41 | D        | Found a shadowy altar of Dithmenos.
    41 | D        | Found a snail-covered altar of Cheibriados.
    44 | D        | Found a corrupted altar of Lugonu.
    44 | D        | Found a radiant altar of Vehumet.
    44 | D        | Found a roughly hewn altar of Beogh.
    45 | D        | Found an ancient bone altar of Kikubaaqudgha.
    45 | D        | Found a hide-covered altar of Uskayaw.
    45 | D        | Found a broken altar of Ashenzari.
    53 | D        | Became a worshipper of Vehumet
    77 | D        | Reached skill level 5 in Ice Magic
    87 | D        | Reached * piety under Vehumet
    87 | D        | Offered knowledge of Foxfire by Vehumet.
   207 | D        | Reached XP level 2. HP: 19/19 MP: 3/5
   231 | D        | Reached ** piety under Vehumet
   250 | D        | Offered knowledge of Sandblast by Vehumet.
   264 | D        | Reached XP level 3. HP: 11/24 MP: 2/6
   265 | D        | Reached *** piety under Vehumet
   470 | D        | Learned a level 3 spell: Frozen Ramparts
   490 | D        | Noticed Jessica
   497 | D        | Killed Jessica
   497 | D        | Offered knowledge of Static Discharge by Vehumet.
   497 | D        | Reached skill level 3 in Dodging
   497 | D        | Reached XP level 4. HP: 30/30 MP: 4/7
   500 | D        | Reached skill level 4 in Dodging
   506 | D        | Reached skill level 5 in Dodging
   506 | D        | Reached XP level 5. HP: 29/35 MP: 5/10
   509 | D        | Reached **** piety under Vehumet
   509 | D        | Reached skill level 5 in Polearms
   510 | D        | Reached skill level 6 in Dodging
   510 | D        | Reached skill level 10 in Ice Magic
   526 | D        | Reached skill level 7 in Dodging
   526 | D        | Reached XP level 6. HP: 41/41 MP: 9/13
   546 | D        | Reached ***** piety under Vehumet
   581 | D        | Reached skill level 5 in Spellcasting
   948 | D        | Learned a level 3 spell: Ozocubu's Armour
   953 | D        | Learned a level 4 spell: Hailstorm
   967 | D        | Offered knowledge of Fulminant Prism by Vehumet.
   978 | D        | Noticed a hornet
   983 | D        | Killed a hornet
   983 | D        | Reached skill level 8 in Dodging
   983 | D        | Reached XP level 7. HP: 13/46 MP: 11/16
  1366 | D        | Noticed Prince Ribbit
  1366 | D        | Noticed a warg
  1369 | D        | Offered knowledge of Iskenderun's Mystic Blast by Vehumet.
  1369 | D        | Reached skill level 9 in Dodging
  1371 | D        | Killed a warg
  1371 | D        | Reached skill level 10 in Polearms
  1384 | D        | Killed Prince Ribbit
  1384 | D        | Reached skill level 10 in Dodging
  1384 | D        | Reached XP level 8. HP: 39/52 MP: 14/19
  1458 | D        | Noticed Gastronok
  1458 | D        | Noticed a ynoxinul
  1462 | D        | Reached ****** piety under Vehumet
  1482 | D        | Killed a ynoxinul
  1497 | D        | Killed Gastronok
  1497 | D        | Reached skill level 13 in Dodging
  1497 | D        | Reached XP level 9. HP: 32/57 MP: 19/22
  1582 | D        | Offered knowledge of Olgreb's Toxic Radiance by Vehumet.
  1823 | D        | Noticed a phantasmal warrior
  1844 | D        | Killed a phantasmal warrior
  1844 | D        | Reached skill level 10 in Spellcasting
  1844 | D        | Reached XP level 10. HP: 35/63 MP: 12/24
  1987 | D        | Noticed a manticore
  1994 | D        | Reached skill level 14 in Dodging
  1996 | D        | Reached skill level 15 in Polearms
  2002 | D        | Killed a manticore
  2063 | D        | Noticed an orange demon
  2081 | D        | Noticed a sea snake
  2081 | D        | Noticed an elephant
  2081 | D        | Noticed a wizard
  2093 | D        | Offered knowledge of Yara's Violent Unravelling by Vehumet.
  2096 | D        | Reached skill level 15 in Dodging
  2109 | D        | Killed a wizard
  2109 | D        | Reached skill level 15 in Ice Magic
  2264 | D        | Killed a sea snake
  2270 | D        | Reached skill level 16 in Dodging
  2270 | D        | Reached XP level 11. HP: 42/68 MP: 26/26
  2424 | D        | Offered knowledge of Spellforged Servitor by Vehumet.
  2547 | D        | Noticed a deep elf knight
  2547 | D        | Noticed a deep elf mage
  2570 | D        | Killed a deep elf knight
  2612 | D        | Noticed a deep elf knight
  2619 | D        | Killed a deep elf knight
  2648 | D        | Noticed a deep elf death mage
  2665 | D        | Killed a deep elf death mage
  2665 | D        | Reached skill level 17 in Dodging
  2971 | D        | Offered knowledge of Ozocubu's Refrigeration by Vehumet.
  2979 | D        | Learned a level 6 spell: Ozocubu's Refrigeration
  3096 | D        | Noticed a seven-headed hydra
  3100 | D        | Killed a deep elf mage
  3100 | D        | Reached skill level 18 in Dodging
  3102 | D        | Killed a seven-headed hydra
  3102 | D        | Offered knowledge of Lee's Rapid Deconstruction by Vehumet.
  3232 | D        | Noticed a sea snake
  3234 | D        | Noticed a death cob
  3255 | D        | Slain by a death cob

Illustrated notes

Levels and vault maps discovered:
D:        pitsprint [storerooms_1, entrance_room_1, metal_vault_3, armoury_2,
          mini_pit_1, grid_room_1, main_hall_1, silver_pit, the_coven_3,
          the_vestibule_1, steel_vault_1, golden_pit, hallway_of_sentries,
          crystal_vault_3, iron_vault_2, final_vault]

Skill      XL: |  1  2  3  4  5  6  7  8  9 10 11 |
---------------+----------------------------------+-----
Ice Magic      | 6 8 9 10 11 12 13 14 15 17 | 17.5
Polearms       | 2 4 7 9 11 14 16 | 16.0
Dodging        | 3 5 7 8 10 13 16 18 | 18.5
Spellcasting   | 3 4 6 7 9 10 11 13 | 13.7
Stealth        | |  2.1

Action                   |  1- 3 |  4- 6 |  7- 9 | 10-12 || total
-------------------------+-------+-------+-------+-------++-------
Melee: Trident           |    22 |    66 |    40 |       ||   128
       Halberd           |       |       |    14 |   130 ||   144
 Cast: Freeze            |    12 |       |       |     5 ||    17
       Frozen Ramparts   |     1 |     1 |     6 |    13 ||    21
       Ozocubu's Armour  |       |       |     3 |     5 ||     8
       Hailstorm         |       |       |     4 |     6 ||    10
       Ozocubu's Refrige |       |       |       |     7 ||     7
  Use: Potion            |     1 |     6 |     4 |     1 ||    12
       Scroll            |       |       |       |     1 ||     1
 Stab: Sleeping          |     2 |     1 |       |       ||     3
Armor: Robe              |     4 |     1 |     3 |    11 ||    19
Dodge: Dodged            |    22 |    62 |    25 |    75 ||   184

Table legend: (Time is in decaauts)
 A = Elapsed time spent in this place.
 B = Non-inter-level travel time spent in this place.
 C = Inter-level travel time spent in this place.
 D = Time resting spent in this place.
 E = Time spent auto-exploring this place.
 F = Levels seen in this place.
 G = Mean time per level.
                   A        B        C        D        E       F      G
               +--------+--------+--------+--------+--------+-----+--------+
         Total |   3212 |   3212 |      0 |   2333 |      0 |   1 | 3212.0 |
       Dungeon |   3212 |   3212 |      0 |   2333 |      0 |   1 | 3212.0 |
               +--------+--------+--------+--------+--------+-----+--------+

Top non-repeatable levels by time:
       D: 3212 daAuts
